 Dungeon Crawl Stone Soup version 0.28-a0-429-g1448048969 (webtiles) character file.

Game seed: 14988685231110409716

9920 Gargoyl the Fighter (level 11, 0/89 HPs)
             Began as a Gnoll Abyssal Knight on Sept 10, 2021.
             Was an Elder of Lugonu.
             Slain by a two-headed ogre (12 damage)
             ... on level 9 of the Dungeon.
             The game lasted 00:17:07 (12902 turns).

Gargoyl the Fighter (Gnoll Abyssal Knight)         Turns: 12902, Time: 00:17:07

Health: 0/89       AC: 14    Str: 15    XL:     11   Next: 54%
Magic:  20/20      EV: 12    Int: 11    God:    Lugonu [****..]
Gold:   402        SH: 11    Dex: 11    Spells: 22/22 levels left

rFire   + . .      SeeInvis +   r - +10 whip of Moral Flaws {freeze, rPois rC+ Will+ Int-5}
rCold   + + .      Faith    .   h - +1 buckler
rNeg    . . .      Spirit   .   d - +0 chain mail
rPois   +          Reflect  +   e - +0 helmet
rElec   .          Harm     .   H - scarf {rC+ rF+}
rCorr   .          Rampage  .   B - +0 pair of gloves
Will    ++...                   s - +0 pair of boots
Stlth   ..........              J - amulet "Heuf" {Reflect Fragile Int+4 SH+5 SInv}
HPRegen 0.24/turn               f - +4 ring of evasion
MPRegen 0.17/turn               u - ring of willpower

@: no status effects
A: fangs 1, strong nose, distributed training
a: Renounce Religion, Depart the Abyss, Bend Space, Banish, Corrupt


You were on level 9 of the Dungeon.
You worshipped Lugonu.
Lugonu was greatly pleased with you.
You visited 1 branch of the dungeon, and saw 9 of its levels.
You visited the Abyss 2 times.
You also visited: Ossuary.

You collected 402 gold pieces.

Inventory:

Hand Weapons
 a - a +1 hand axe of flaming
 p - a +5 mace of holy wrath
 r - the +10 whip of Moral Flaws (weapon) {freeze, rPois rC+ Will+ Int-5}
   (You found it on level 9 of the Dungeon)

   It freezes those it strikes, dealing additional cold damage.
   It can also slow down cold-blooded creatures.
   Int:       It affects your intelligence (-5).
   rC:        It protects you from cold.
   rPois:     It protects you from poison.
   Will:      It increases your willpower.
 C - a +3 scimitar
Missiles
 n - 69 poisoned darts (quivered)
Armour
 d - a +0 chain mail (worn)
 e - a +0 helmet (worn)
 h - a +1 buckler (worn)
 s - a +0 pair of boots (worn)
 B - a +0 pair of gloves (worn)
 H - a scarf of resistance (worn)
Jewellery
 f - a +4 ring of evasion (left hand)
 u - a ring of willpower (right hand)
 J - the amulet "Heuf" (around neck) {Reflect Fragile Int+4 SH+5 SInv}
   (You found it on level 7 of the Dungeon)

   [amulet of reflection]

   It reflects blocked missile attacks.
   Int:       It affects your intelligence (+4).
   SInv:      It lets you see invisible.
   Fragile:   It will be destroyed if unequipped.
   SH:        It affects your SH (+5).
Wands
 c - a wand of iceblast (6)
 m - a wand of flame (20)
 A - a wand of charming (16)
 D - a wand of acid (6)
 F - a wand of polymorph (19)
 I - a wand of mindburst (14)
Scrolls
 x - a scroll of magic mapping
 y - a scroll of enchant armour
 G - 2 scrolls of identify
Potions
 b - 5 potions of curing
 g - 3 potions of lignification
 i - 2 potions of flight
 j - 2 potions of heal wounds
 k - a potion of magic
 l - a potion of might
 o - 2 potions of brilliance
 t - 3 potions of invisibility
 v - a potion of haste {unknown}
 w - 2 potions of ambrosia {unknown}
 z - a potion of resistance
 E - a potion of mutation {unknown}


   Skills:
 + Level 9.2 Fighting
 + Level 6.4 Short Blades
 + Level 6.4 Long Blades
 + Level 7.9 Axes
 + Level 6.4 Maces & Flails
 + Level 6.4 Polearms
 + Level 6.4 Staves
 + Level 6.4 Slings
 + Level 6.4 Bows
 + Level 6.4 Crossbows
 + Level 6.4 Throwing
 + Level 7.9 Armour
 + Level 6.9 Dodging
 + Level 6.4 Stealth
 + Level 6.4 Shields
 + Level 6.4 Unarmed Combat
 + Level 6.4 Spellcasting
 + Level 5.3 Conjurations
 + Level 5.3 Hexes
 + Level 5.3 Summonings
 + Level 5.3 Necromancy
 + Level 5.3 Translocations
 + Level 5.3 Transmutations
 + Level 5.3 Fire Magic
 + Level 5.3 Ice Magic
 + Level 5.3 Air Magic
 + Level 5.3 Earth Magic
 + Level 5.3 Poison Magic
 + Level 8.4 Invocations
 + Level 6.4 Evocations


You had 22 spell levels left.
You didn't know any spells.
Your spell library contained the following spells:

 Spells                   Type           Power      Damage    Failure   Level
 Blink                    Tloc           N/A        N/A       43%         2
 Ensorcelled Hibernation  Hex/Ice        30%        N/A       43%         2
 Sublimation of Blood     Necr           7%         N/A       43%         2
 Wereblood                Tmut           15%        N/A       43%         2
 Gell's Gravitas          Tloc           7%         N/A       67%         3
 Ignite Poison            Fire/Tmut/Pois 15%        N/A       67%         3
 Lesser Beckoning         Tloc           15%        N/A       67%         3
 Ozocubu's Armour         Ice            15%        N/A       67%         3
 Spider Form              Tmut/Pois      7%         N/A       67%         3
 Fulminant Prism          Conj/Hex       7%         3d7       97%         4
 Hailstorm                Conj/Ice       15%        3d5       97%         4
 Ice Form                 Ice/Tmut       15%        N/A       97%         4
 Petrify                  Tmut/Erth      15%        N/A       97%         4
 Freezing Cloud           Conj/Ice/Air   7%         6-21      100%        5
 Irradiate                Conj/Tmut      7%         3d15      100%        5
 Manifold Assault         Tloc           15%        N/A       100%        5
 Dispersal                Tloc           7%         N/A       100%        6
 Iron Shot                Conj/Erth      7%         9d2       100%        6
 Simulacrum               Ice/Necr       7%         N/A       100%        6
 Storm Form               Tmut/Air       7%         N/A       100%        7
 Summon Hydra             Summ           7%         N/A       100%        7
 Disjunction              Tloc           7%         N/A       100%        8


Dungeon Overview and Level Annotations

Branches:
Dungeon (9/15)             Temple (0/1) D:6         Ossuary (visited)
   Lair: D:8-11         Orc: D:9-12

Altars:
Gozag
Nemelex Xobeh
Sif Muna
Yredelemnul
The Shining One


Innate Abilities, Weirdness & Mutations

You have very sharp teeth.
Your uncanny sense of smell can sniff out nearby items.
Your experience applies equally to all skills.


Message History

The wyvern is moderately wounded.
An orc warrior comes into view. It is wielding a +0 long sword.
The wyvern bites you.
You hit the wyvern. You freeze the wyvern.
The wyvern is heavily wounded.
You block the wyvern's attack.
You whack the wyvern! You freeze the wyvern.
You kill the wyvern!
Lugonu accepts your kill. You block the orc warrior's attack.
You hit the orc warrior. You freeze the orc warrior.
The orc warrior is lightly wounded.
The orc warrior hits you but does no damage.
The teleport trap disappears.
The centaur disappears!
The orc warrior hits you with a +0 long sword!
Items here: ))) [ †††.
Items here: ))) [ †††.
The two-headed ogre barely misses you.
The two-headed ogre hits you with a +0 giant spiked club!
The two-headed ogre misses you.
The two-headed ogre hits you with a +0 giant spiked club!
Items here: ))) [ †††.
You whack the two-headed ogre! You freeze the two-headed ogre.
The two-headed ogre is moderately wounded.
The two-headed ogre barely misses you. You block the two-headed ogre's attack.
You hit the two-headed ogre. You freeze the two-headed ogre.
The two-headed ogre is heavily wounded.
You barely miss the two-headed ogre.
The two-headed ogre is heavily wounded.
You block the two-headed ogre's attack.
The two-headed ogre hits you with a +0 giant spiked club!
You barely miss the two-headed ogre.
The two-headed ogre is heavily wounded.
You hit the two-headed ogre. You freeze the two-headed ogre.
You bite the two-headed ogre, but do no damage.
The two-headed ogre is heavily wounded.
The two-headed ogre hits you with a +0 giant spiked club!
* * * LOW HITPOINT WARNING * * *
The two-headed ogre hits you with a +0 giant spiked club!
You die...

###### ....
#######
####....# ....
#.....###....##
^..#
#.....##......#
..#
+.....##.####.#
..# ∆.
#.....'..#
#@##.##^.#
#.....####
#O#...$..#
#.....# #y.o#
###'### ###.#
#.## .# ## #..#
.# .######.# ..
∆ ∆ ......#.#
#. ∆
#####...### ..
∆


You could see a two-headed ogre and a killer bee.

Vanquished Creatures
  A two-headed ogre (D:9)
  A skeletal warrior (D:8)
  A deep elf pyromancer (D:7)
  A gargoyle (D:7)
  Maggie (D:6)
  2 trolls
  3 slime creatures (D:7)
  Sigmund (D:3)
  A shadow (D:7)
  2 wyverns (D:9)
  3 steam dragons
  4 vampire mosquitoes (D:9)
  3 water moccasins
  A black bear (D:6)
  2 ice beasts (D:5)
  2 sky beasts
  3 orc warriors
  An ogre (D:6)
  3 centaurs
  4 kobold brigands
  2 phantoms
  4 bullfrogs
  3 scorpions
  6 water moccasin zombies (Ossuary)
  2 wyvern skeletons (D:7)
  A water moccasin skeleton (D:5)
  4 killer bees (D:7)
  9 wights
  4 howler monkeys
  2 centaur zombies
  2 jellies (D:6)
  2 gnoll shamans (D:6)
  4 orc priests
  2 centaur skeletons
  6 hounds
  4 iguanas
  Jessica (D:2)
  Ijyb (D:3)
  Terence (D:2)
  5 orc wizards
  2 mummies (Ossuary)
  3 howler monkey zombies
  8 gnolls (D:6)
  2 howler monkey skeletons (D:5)
  8 adders
  2 shadow imps
  2 white imps
  2 ufetubi
  4 adder zombies (Ossuary)
  A worm (D:2)
  22 orcs
  6 endoplasms
  2 giant cockroaches
  5 gnoll zombies (Ossuary)
  6 goblins
  13 hobgoblins
  2 quokkas (D:1)
  9 ball pythons
  4 bats
  2 frilled lizards (D:2)
  6 hobgoblin zombies (Ossuary)
  18 kobolds
  4 kobold zombies (Ossuary)
  5 orc zombies (Ossuary)
  6 rats
249 creatures vanquished.

Notes
Turn   | Place    | Note
-------+----------+-------------------------------------------
     0 | Abyss:1  | Gargoyl the Gnoll Abyssal Knight began the quest for the
                  | Orb.
     0 | Abyss:1  | Reached XP level 1. HP: 23/23 MP: 3/3
   185 | Abyss:1  | Noticed a large abomination
   185 | Abyss:1  | Noticed a large abomination
   185 | Abyss:1  | Noticed a ynoxinul
   210 | Abyss:1  | Noticed a lich
   231 | Abyss:1  | Noticed a vampire mage
   234 | Abyss:1  | Noticed an ancient zyme
   581 | Abyss:2  | Noticed a flying skull
   590 | D:1      | Escaped the Abyss
   892 | D:1      | Reached XP level 2. HP: 25/29 MP: 5/5
   915 | D:1      | Reached * piety under Lugonu
  1465 | D:1      | Reached XP level 3. HP: 35/35 MP: 6/6
  1905 | D:2      | Found a shimmering blue altar of Sif Muna.
  2309 | D:2      | Noticed Jessica
  2315 | D:2      | Killed Jessica
  2316 | D:2      | Reached skill level 1 in Short Blades
  2316 | D:2      | Reached skill level 1 in Long Blades
  2316 | D:2      | Reached skill level 1 in Maces & Flails
  2316 | D:2      | Reached skill level 1 in Polearms
  2316 | D:2      | Reached skill level 1 in Staves
  2316 | D:2      | Reached skill level 1 in Slings
  2316 | D:2      | Reached skill level 1 in Bows
  2316 | D:2      | Reached skill level 1 in Crossbows
  2316 | D:2      | Reached skill level 1 in Throwing
  2316 | D:2      | Reached skill level 1 in Stealth
  2316 | D:2      | Reached skill level 1 in Shields
  2316 | D:2      | Reached skill level 1 in Unarmed Combat
  2316 | D:2      | Reached skill level 1 in Spellcasting
  2316 | D:2      | Reached skill level 1 in Evocations
  2316 | D:2      | Reached XP level 4. HP: 41/41 MP: 7/7
  2440 | D:2      | Noticed Terence
  2464 | D:2      | Killed Terence
  2465 | D:2      | Reached skill level 1 in Conjurations
  2465 | D:2      | Reached skill level 1 in Hexes
  2465 | D:2      | Reached skill level 1 in Summonings
  2465 | D:2      | Reached skill level 1 in Necromancy
  2465 | D:2      | Reached skill level 1 in Translocations
  2465 | D:2      | Reached skill level 1 in Transmutations
  2465 | D:2      | Reached skill level 1 in Fire Magic
  2465 | D:2      | Reached skill level 1 in Ice Magic
  2465 | D:2      | Reached skill level 1 in Air Magic
  2465 | D:2      | Reached skill level 1 in Earth Magic
  2465 | D:2      | Reached skill level 1 in Poison Magic
  2684 | D:3      | Reached ** piety under Lugonu
  2848 | D:3      | Noticed Ijyb
  2851 | D:3      | Killed Ijyb
  2852 | D:3      | Reached XP level 5. HP: 30/47 MP: 8/8
  3030 | D:3      | Noticed Sigmund
  3065 | D:3      | Killed Sigmund
  3066 | D:3      | Reached skill level 5 in Axes
  3066 | D:3      | Reached skill level 5 in Armour
  3066 | D:3      | Reached skill level 5 in Invocations
  3066 | D:3      | Reached XP level 6. HP: 30/53 MP: 9/9
  4053 | D:4      | Reached XP level 7. HP: 31/59 MP: 10/10
  4337 | D:4      | Reached skill level 7 in Fighting
  5168 | D:5      | Entered Level 5 of the Dungeon
  5278 | D:5      | Reached XP level 8. HP: 66/67 MP: 12/12
  5570 | D:5      | Found a sparkling altar of Nemelex Xobeh.
  5723 | D:5      | Found a sand-covered staircase.
  5734 | Ossuary  | Entered an ossuary
  5751 | Ossuary  | Reached *** piety under Lugonu
  6080 | D:5      | Reached **** piety under Lugonu
  6158 | D:5      | Found a basalt altar of Yredelemnul.
  6428 | D:5      | Reached XP level 9. HP: 68/72 MP: 14/14
  6938 | D:6      | Found a glowing golden altar of the Shining One.
  7113 | D:6      | Reached skill level 5 in Dodging
  7199 | D:6      | Noticed Maggie
  7338 | D:6      | Cast into level 1 of the Abyss (Maggie)
  7364 | Abyss:1  | Noticed a tentacled starspawn
  7365 | Abyss:1  | Noticed a wretched star
  7367 | D:6      | Escaped the Abyss
  7373 | D:6      | Killed Maggie
  7374 | D:6      | Reached skill level 8 in Fighting
  7593 | D:6      | Found a staircase to the Ecumenical Temple.
  7744 | D:6      | Identified the +3 leather armour "Ziyrphik" {Dex+4}
  8034 | D:7      | Identified the +2 whip "Tattletale" {vorpal, Stlth+}
  8547 | D:6      | Reached XP level 10. HP: 62/80 MP: 17/17
  8705 | D:7      | Reached skill level 5 in Short Blades
  8705 | D:7      | Reached skill level 5 in Long Blades
  8705 | D:7      | Reached skill level 5 in Maces & Flails
  8705 | D:7      | Reached skill level 5 in Polearms
  8705 | D:7      | Reached skill level 5 in Staves
  8705 | D:7      | Reached skill level 5 in Slings
  8705 | D:7      | Reached skill level 5 in Bows
  8705 | D:7      | Reached skill level 5 in Crossbows
  8705 | D:7      | Reached skill level 5 in Throwing
  8705 | D:7      | Reached skill level 5 in Stealth
  8705 | D:7      | Reached skill level 5 in Shields
  8705 | D:7      | Reached skill level 5 in Unarmed Combat
  8705 | D:7      | Reached skill level 5 in Spellcasting
  8705 | D:7      | Reached skill level 5 in Evocations
  8915 | D:7      | Noticed a skeletal warrior
  8915 | D:7      | Noticed a gargoyle
  8922 | D:7      | Noticed a deep elf pyromancer
  8934 | D:7      | Noticed a death knight
  9412 | D:8      | Killed a skeletal warrior
  9537 | D:7      | Identified the +1 rapier of Bile {flame, rF+}
 11167 | D:7      | Killed a deep elf pyromancer
 11397 | D:7      | Reached XP level 11. HP: 87/87 MP: 19/19
 11620 | D:7      | Reached skill level 9 in Fighting
 11631 | D:7      | HP: 4/89 [slime creature (3)]
 11666 | D:7      | Reached skill level 5 in Conjurations
 11666 | D:7      | Reached skill level 5 in Hexes
 11666 | D:7      | Reached skill level 5 in Summonings
 11666 | D:7      | Reached skill level 5 in Necromancy
 11666 | D:7      | Reached skill level 5 in Translocations
 11666 | D:7      | Reached skill level 5 in Transmutations
 11666 | D:7      | Reached skill level 5 in Fire Magic
 11666 | D:7      | Reached skill level 5 in Ice Magic
 11666 | D:7      | Reached skill level 5 in Air Magic
 11666 | D:7      | Reached skill level 5 in Earth Magic
 11666 | D:7      | Reached skill level 5 in Poison Magic
 11747 | D:7      | Banished a death knight
 12058 | D:7      | Got the Papyrus of Dislocation and Snow
 12059 | D:7      | Identified the amulet "Heuf" {Reflect Fragile Int+4 SH+5
                  | SInv}
 12070 | D:7      | Got the Volume of Virous Combat Magic
 12479 | D:9      | Identified the +10 whip of Moral Flaws {freeze, rPois rC+
                  | Will+ Int-5}
 12806 | D:9      | Found an opulent altar of Gozag.
 12867 | D:9      | Noticed a two-headed ogre
 12878 | D:9      | Killed a two-headed ogre
 12886 | D:9      | Noticed a two-headed ogre
 12902 | D:9      | Slain by a two-headed ogre

Illustrated notes

Levels and vault maps discovered:
D:1:      erik_arrival_orb_chamber, layout_basic, minmay_tiny_reverse_x
D:2:      layout_loops_ring, basic_altar, chequers_serial_rivers_small_3,
          hangedman_decor_lopped, uniq_terence, uniq_jessica
D:3:      layout_basic, chequers_serial_rivers_small_b, uniq_ijyb, uniq_sigmund
D:4:      layout_gridville, hangedman_decor_growths
D:5:      cheibrodos_thug_alley, layout_rooms, nemelex_altar_shiori,
          nicolae_overflow_crystal_walls, nicolae_ossuary_entry_ruins
D:6:      layout_rooms, nicolae_tso_swordbearing_angel,
          minmay_temple_entry_trees, uniq_maggie
D:7:      minmay_the_grid_triangle_9x9_rhombus_thin
          [minmay_the_grid_triangle_9x9_stretched_checkered,
          minmay_the_grid_triangle_9x9_prize_insulated,
          minmay_the_grid_triangle_9x9_alien,
          minmay_the_grid_triangle_9x9_limited_checkers], layout_loops_ring,
          st_stairs_4, minmay_misc_feat_more_columns
D:8:      layout_loops_ring
D:9:      layout_roguey, mainiacjoe_overflow_catwalk, nzn_random_ring

Skill      XL: |  1  2  3  4  5  6  7  8  9 10 11 |
---------------+----------------------------------+-----
Short Blades   | 1 2 3 4 5 6 |  6.4
Long Blades    | 1 2 3 4 5 6 |  6.4
Maces & Flails | 1 2 3 4 5 6 |  6.4
Polearms       | 1 2 3 4 5 6 |  6.4
Staves         | 1 2 3 4 5 6 |  6.4
Slings         | 1 2 3 4 5 6 |  6.4
Bows           | 1 2 3 4 5 6 |  6.4
Crossbows      | 1 2 3 4 5 6 |  6.4
Throwing       | 1 2 3 4 5 6 |  6.4
Stealth        | 1 2 3 4 5 6 |  6.4
Shields        | 1 2 3 4 5 6 |  6.4
Unarmed Combat | 1 2 3 4 5 6 |  6.4
Spellcasting   | 1 2 3 4 5 6 |  6.4
Evocations     | 1 2 3 4 5 6 |  6.4
Conjurations   | 1 2 3 4 5 |  5.3
Hexes          | 1 2 3 4 5 |  5.3
Summonings     | 1 2 3 4 5 |  5.3
Necromancy     | 1 2 3 4 5 |  5.3
Translocations | 1 2 3 4 5 |  5.3
Transmutations | 1 2 3 4 5 |  5.3
Fire Magic     | 1 2 3 4 5 |  5.3
Ice Magic      | 1 2 3 4 5 |  5.3
Air Magic      | 1 2 3 4 5 |  5.3
Earth Magic    | 1 2 3 4 5 |  5.3
Poison Magic   | 1 2 3 4 5 |  5.3
Axes           | 5 6 7 |  7.9
Armour         | 5 6 7 |  7.9
Dodging        | 3 4 5 6 |  6.9
Invocations    | 5 6 7 8 |  8.4
Fighting       | 7 8 9 |  9.2

Action                   |  1- 3 |  4- 6 |  7- 9 | 10-12 || total
-------------------------+-------+-------+-------+-------++-------
Melee: Hand axe          |   102 |    70 |       |       ||   172
       Bite              |     6 |    10 |    35 |    25 ||    76
       Mace              |       |    27 |   413 |   332 ||   772
       Whip              |       |       |       |    39 ||    39
Throw: Dart              |       |       |    18 |     7 ||    25
Invok: Depart the Abyss  |     1 |       |     1 |       ||     2
       Bend Space        |       |       |       |     2 ||     2
       Banish            |       |       |       |     2 ||     2
Evoke: Wand              |       |     2 |     3 |     2 ||     7
  Use: Scroll            |     3 |     7 |     6 |     3 ||    19
       Potion            |     1 |     3 |       |     4 ||     8
Armor: Chain mail        |    71 |    30 |   244 |   218 ||   563
       Skin              |       |    25 |       |       ||    25
Dodge: Dodged            |    62 |    43 |   262 |   243 ||   610
Block: Buckler           |    13 |    10 |   139 |   161 ||   323
       Reflection        |       |       |       |     1 ||     1

Table legend: (Time is in decaauts)
 A = Elapsed time spent in this place.
 B = Non-inter-level travel time spent in this place.
 C = Inter-level travel time spent in this place.
 D = Time resting spent in this place.
 E = Time spent auto-exploring this place.
 F = Levels seen in this place.
 G = Mean time per level.
                   A        B        C        D        E       F      G
               +--------+--------+--------+--------+--------+-----+--------+
         Total |  13095 |  12748 |    347 |   2745 |   7234 |  13 | 1007.3 |
       Dungeon |  12189 |  11842 |    347 |   2745 |   6611 |   9 | 1354.3 |
         Abyss |    631 |    631 |      0 |      0 |    512 |   3 |  210.3 |
       Ossuary |    274 |    274 |      0 |      0 |    110 |   1 |  274.0 |
               +--------+--------+--------+--------+--------+-----+--------+

Top non-repeatable levels by time:
     D:7: 2428 daAuts
     D:8: 1898 daAuts
     D:4: 1473 daAuts
     D:6: 1459 daAuts
     D:3: 1211 daAuts
     D:2: 1161 daAuts
     D:5: 1120 daAuts
     D:1: 904 daAuts
 Abyss:1: 570 daAuts
     D:9: 530 daAuts
 Ossuary: 274 daAuts
 Abyss:2: 61 daAuts
